Selects Italian Combined Arms Battlegroup
Selects Bersaglieri Squad
Kradschützen Motorcycle Team
Construct Light Support Kompanie
Selects Semovente da 75/18 Assault Gun
le.IG 18 Mechanized Group
Semovente da 75/18 Assault Gun
Construct Panzerarmee Kommand
Walking Stuka Rocket Launcher
Selects Bersaglieri Bolster
Semovente da 75/18 Assault Gun
Selects Breda Model 30 Light Machine Guns
Flak 36 Anti-tank Gun Team
Construct Mechanized Kompanie
18-tonne Recovery Half-track
254 Reconnaissance Tractor
18-tonne Recovery Half-track
le.IG 18 Mechanized Group
Semovente da 75/18 Assault Gun